[Event "Titled Tuesday Blitz February 21 Late 2023"]
[White "Paravyan, David"]
[Black "Kanakaris, Georgios"]
[WhiteFideId "4194985"]
[BlackFideId "4209460"]
[WhiteElo "2601"]
[BlackElo "2391"]
[Result "1-0"]
[Round "02"]
[TimeControl "180+2"]
[Date "2023.02.21"]
[WhiteClock "0:00:12"]
[BlackClock "0:00:15"]

1. c4 e5 2. Nc3 Nc6 3. g3 h5 4. Nf3 Bc5 5. d3 d6 6. Na4 Bb4+ 7. Bd2 Bxd2+ 8. Qxd2 Bg4 9. Bg2 Qd7 10. Nc3 Bh3 11. Bxh3 Qxh3 12. Qg5 Qg4 13. Nd5 Qxg5 14. Nxg5 Rc8 15. e3 Nge7 16. Nc3 h4 17. Ke2 f6 18. Nf3 hxg3 19. hxg3 Kd7 20. Rhd1 g5 21. d4 exd4 22. exd4 Rce8 23. Kd3 Nf5 24. Nd5 Ref8 25. Rh1 Rxh1 26. Rxh1 Nce7 27. Rh7 c6 28. Nc3 Rg8 29. Ne4 Rg6 30. g4 Nh6 31. c5 d5 32. Nd6 b6 33. Nf5 Nxf5 34. gxf5 Rg8 35. Rf7 g4 36. Nh4 Ke8 37. Rxf6 bxc5 38. dxc5 Rh8 39. Ng6 Nxg6 40. fxg6 Rf8 41. Rxf8+ Kxf8 42. b4 Kg7 43. b5 Kxg6 44. bxc6 1-0


[Site "https://www.chess.com"]

[Event "Titled Tuesday Blitz February 21 Late 2023"]
[White "Sarana, Alexey"]
[Black "Skvortsov, Andrei"]
[WhiteFideId "24133795"]
[BlackFideId "24108600"]
[WhiteElo "2685"]
[BlackElo "2313"]
[Result "1-0"]
[Round "02"]
[TimeControl "180+2"]
[Date "2023.02.21"]
[WhiteClock "0:00:19"]
[BlackClock "0:00:04"]

1. c4 e5 2. g3 g6 3. Bg2 Bg7 4. Nc3 c6 5. e3 Ne7 6. d4 exd4 7. exd4 d5 8. cxd5 cxd5 9. Nge2 O-O 10. O-O Nbc6 11. Be3 Be6 12. Nf4 b6 13. Rc1 Rc8 14. Qa4 Bd7 15. Ncxd5 Nxd4 16. Qxa7 Nxd5 17. Rxc8 Bxc8 18. Nxd5 Be6 19. Nc7 Bc4 20. Rb1 Be5 21. Na8 Ne2+ 22. Kh1 Qd3 23. Re1 Bd5 24. Nxb6 Bxg2+ 25. Kxg2 Qe4+ 26. Kf1 Qf3 27. Qd7 Rb8 28. Qd5 Nxg3+ 29. hxg3 Qf5 30. Nc4 1-0


[Site "https://www.chess.com"]

[Event "Titled Tuesday Blitz February 21 Late 2023"]
[White "Zhurbinsky, David"]
[Black "Kollars, Dmitrij"]
[WhiteFideId "2072904"]
[BlackFideId "12909572"]
[WhiteElo "2045"]
[BlackElo "2607"]
[Result "0-1"]
[Round "02"]
[TimeControl "180+2"]
[Date "2023.02.21"]
[WhiteClock "0:00:35"]
[BlackClock "0:00:54"]

1. e4 c6 2. d4 d5 3. Nc3 dxe4 4. Nxe4 Nf6 5. Nxf6+ exf6 6. c3 Bd6 7. Bd3 O-O 8. Qc2 Re8+ 9. Ne2 h5 10. O-O h4 11. h3 Nd7 12. c4 Nf8 13. Be3 Bc7 14. Rad1 Bd7 15. Rfe1 Rc8 16. b4 b5 17. cxb5 cxb5 18. Qd2 a6 19. Bf4 Bc6 20. Bxc7 Rxc7 21. Nf4 Rxe1+ 22. Rxe1 Rd7 23. Qc3 Rxd4 24. Qxc6 Rxf4 25. Re8 Qxd3 26. Rxf8+ Kxf8 27. Qc8+ Ke7 28. Qc7+ Ke6 29. Qxf4 Qd1+ 30. Kh2 Qd6 31. Qxd6+ Kxd6 0-1


[Site "https://www.chess.com"]

[Event "Titled Tuesday Blitz February 21 Late 2023"]
[White "Deac, Bogdan-Daniel"]
[Black "Feng, Eric"]
[WhiteFideId "1226380"]
[BlackFideId "30952590"]
[WhiteElo "2700"]
[BlackElo "1951"]
[Result "1-0"]
[Round "02"]
[TimeControl "180+2"]
[Date "2023.02.21"]
[WhiteClock "0:02:23"]
[BlackClock "0:01:51"]

1. b3 Nf6 2. Bb2 g6 3. Nf3 Bg7 4. g3 O-O 5. Bg2 Ne8 6. d4 d5 7. c4 c6 8. O-O Bf5 9. Nc3 Nd7 10. cxd5 cxd5 11. Nxd5 Ndf6 12. Nc3 Rc8 13. Nh4 Nd6 14. Nxf5 Nxf5 15. e3 Qd7 16. Rc1 Rfd8 17. Qe2 a6 18. Na4 b5 19. Nb6 Qe8 20. Nxc8 Rxc8 21. e4 Nh6 22. Rxc8 Qxc8 23. Rc1 Qd7 24. d5 Ne8 25. Bxg7 Kxg7 26. Qb2+ f6 27. e5 Nf7 28. e6 1-0


[Site "https://www.chess.com"]

[Event "Titled Tuesday Blitz February 21 Late 2023"]
[White "Ladopoulos, Dimitrios"]
[Black "Bortnyk, Olexandr"]
[WhiteFideId "4239580"]
[BlackFideId "14120828"]
[WhiteElo "2391"]
[BlackElo "2605"]
[Result "0-1"]
[Round "02"]
[TimeControl "180+2"]
[Date "2023.02.21"]
[WhiteClock "0:00:03"]
[BlackClock "0:00:33"]

1. d4 d6 2. Nf3 Nf6 3. g3 g6 4. Bg2 Bg7 5. O-O O-O 6. c4 Bf5 7. h3 c5 8. d5 b5 9. cxb5 a6 10. bxa6 Nxa6 11. Nfd2 Nb4 12. Na3 Qc8 13. g4 Bd7 14. Nac4 Nfxd5 15. e4 Nf4 16. Nb6 Qb7 17. Nxa8 Rxa8 18. a3 Bb5 19. Re1 Nbd3 20. Re3 Bd4 21. Rf3 Nxc1 22. Rxc1 Ne2+ 23. Kh1 Nxc1 24. Qxc1 Be2 25. Rb3 Qa6 26. f4 c4 27. Rb4 Be3 28. Qc2 Bd3 29. Qd1 Bxf4 30. e5 dxe5 31. Bxa8 Qxa8+ 32. Qf3 Qxf3+ 33. Nxf3 e4 34. Nd4 e5 35. Rb8+ Kg7 36. Nb5 e3 37. Nc3 e2 38. Nxe2 Bxe2 39. a4 e4 40. a5 Bxb8 0-1


[Site "https://www.chess.com"]

[Event "Titled Tuesday Blitz February 21 Late 2023"]
[White "Martinez Alcantara, Jose Eduardo"]
[Black "Zarnicki, Pablo"]
[WhiteFideId "3805662"]
[BlackFideId "100137"]
[WhiteElo "2619"]
[BlackElo "2514"]
[Result "1-0"]
[Round "02"]
[TimeControl "180+2"]
[Date "2023.02.21"]
[WhiteClock "0:00:09"]
[BlackClock "0:00:01"]

1. e4 e5 2. Nf3 Nf6 3. Nc3 Bb4 4. Nxe5 O-O 5. Be2 Re8 6. Nd3 Bxc3 7. dxc3 Nxe4 8. O-O d6 9. Nf4 Nd7 10. f3 Nec5 11. Re1 Nf6 12. Bf1 Rxe1 13. Qxe1 Ne6 14. Nd3 Bd7 15. Bd2 Qe7 16. Qh4 Re8 17. Re1 Nd5 18. Qxe7 Nxe7 19. Kf2 Nc6 20. b3 b6 21. Be3 Nc5 22. Rd1 Nxd3+ 23. Bxd3 Ne5 24. Bf1 h5 25. a4 Bf5 26. Rd2 Re7 27. h3 Bg6 28. Be2 Nd7 29. g4 hxg4 30. hxg4 Nc5 31. Bb5 f6 32. b4 Ne6 33. c4 Be8 34. a5 Kf7 35. axb6 axb6 36. Ba6 Bc6 37. c3 Ng5 38. Bxg5 fxg5 39. c5 bxc5 40. bxc5 dxc5 41. Bc4+ Kf6 42. Ra2 Rd7 43. Ra5 Bd5 44. Rxc5 Bxc4 45. Rxc4 Re7 46. Rc6+ Kf7 47. Rc5 Kf6 48. Rc6+ Kf7 49. Kg3 g6 50. Kf2 Kg7 51. Rc4 Kf6 52. Re4 Rd7 53. Ke3 Rd1 54. Rc4 Rd7 55. Rc6+ Kf7 56. Ke4 Kg7 57. c4 Kf7 58. Ke5 Re7+ 59. Kd5 Rd7+ 60. Ke5 Re7+ 61. Kd4 Rd7+ 62. Kc3 Re7 63. Kb4 Kg7 64. Kb5 Rf7 65. Ka6 Rxf3 66. Rxc7+ Kf6 67. c5 Rf4 68. Rc6+ Ke5 69. Rxg6 Rxg4 70. c6 Kf5 71. Kb5 Rg1 72. Rg8 Rc1 73. Rd8 Kf4 74. Rd4+ Kf3 75. Rc4 Rb1+ 76. Kc5 Rb8 77. Rc3+ Kf4 78. Rc4+ Kf3 79. Rb4 Rg8 80. Rb3+ Kf4 81. c7 g4 82. Rb8 Rg5+ 83. Kc4 g3 84. Rf8+ Ke3 85. c8=Q g2 86. Qe6+ Kd2 87. Rf2+ Kc1 88. Qe1# 1-0


[Site "https://www.chess.com"]

[Event "Titled Tuesday Blitz February 21 Late 2023"]
[White "Goroshkov, Maksym"]
[Black "Fedoseev, Vladimir"]
[WhiteFideId "14142716"]
[BlackFideId "24130737"]
[WhiteElo "2287"]
[BlackElo "2680"]
[Result "0-1"]
[Round "02"]
[TimeControl "180+2"]
[Date "2023.02.21"]
[WhiteClock "0:00:47"]
[BlackClock "0:00:52"]

1. e4 c5 2. d4 cxd4 3. c3 dxc3 4. Nxc3 Nc6 5. Nf3 e6 6. Bc4 d6 7. O-O Be7 8. Qe2 Nf6 9. Rd1 O-O 10. Bg5 Ne8 11. Bf4 a6 12. Rac1 b5 13. Bb3 Bb7 14. e5 d5 15. Nxd5 exd5 16. Bxd5 Nd4 17. Rxd4 Bxd5 18. Qd2 Nc7 19. e6 Bd6 20. exf7+ Rxf7 21. Ne5 Rxf4 22. Rxd5 Nxd5 23. Qxd5+ Kh8 24. Nc6 Qf6 25. g3 Rxf2 26. Ne5 Rf8 27. Ng4 Rf1+ 28. Kg2 Qxb2+ 29. Kh3 Qxc1 30. Qxd6 Qg5 0-1


[Site "https://www.chess.com"]

[Event "Titled Tuesday Blitz February 21 Late 2023"]
[White "Babazada, Khazar"]
[Black "Dobrikov, Marco"]
[WhiteFideId "13413554"]
[BlackFideId "12950378"]
[WhiteElo "2474"]
[BlackElo "2269"]
[Result "0-1"]
[Round "02"]
[TimeControl "180+2"]
[Date "2023.02.21"]
[WhiteClock "0:00:52"]
[BlackClock "0:00:21"]

1. e4 g6 2. Nc3 Bg7 3. d4 d6 4. Be3 a6 5. Qd2 b5 6. O-O-O Nd7 7. f3 Bb7 8. h4 h6 9. h5 g5 10. Nh3 Ngf6 11. Be2 c5 12. Nf2 Rc8 13. dxc5 Nxc5 14. e5 Nfd7 15. exd6 e6 16. Nfe4 Nxe4 17. Nxe4 Bd5 18. Kb1 f5 19. Nc3 Bxc3 20. bxc3 Qa5 21. c4 Qxd2 22. Rxd2 bxc4 23. Ka1 Rc6 24. Rb1 O-O 25. f4 g4 26. Bd4 Rb8 27. Rxb8+ Nxb8 28. Be5 Nd7 29. Rd1 Bxg2 30. Rb1 Rc5 31. Bc3 Bd5 32. a4 Kf7 33. Kb2 Rc6 34. Rg1 Rxd6 35. Kc1 Rc6 36. Bxg4 fxg4 37. Rxg4 Nf8 38. Rg7+ Ke8 39. Bb4 Rb6 40. c3 a5 41. Bxa5 Rb7 42. Rg8 Rf7 43. Bb4 Rxf4 44. Kd2 e5 45. a5 Bxg8 0-1


[Site "https://www.chess.com"]

[Event "Titled Tuesday Blitz February 21 Late 2023"]
[White "Jeet, Jain"]
[Black "Makarian, Rudik"]
[WhiteFideId "5073022"]
[BlackFideId "44105681"]
[WhiteElo "2199"]
[BlackElo "2545"]
[Result "1-0"]
[Round "02"]
[TimeControl "180+2"]
[Date "2023.02.21"]
[WhiteClock "0:00:20"]
[BlackClock "0:00:58"]

1. d4 Nf6 2. Nf3 c5 3. e3 d5 4. b3 cxd4 5. exd4 Nc6 6. Bb2 g6 7. Bd3 Bg7 8. O-O O-O 9. a3 Ne4 10. Nbd2 Bf5 11. Re1 Nd6 12. Nf1 e6 13. Ng3 Bg4 14. c3 b5 15. h3 Bf5 16. Nxf5 exf5 17. Ne5 Qc7 18. a4 b4 19. Nxc6 Qxc6 20. cxb4 Qb6 21. b5 Bxd4 22. Bxd4 Qxd4 23. Be2 Qb6 24. Bf3 Ne4 25. Bxe4 dxe4 26. Qe2 a6 27. a5 Qxb5 28. Qxb5 axb5 29. Rec1 Rfd8 30. Rc5 b4 31. Rb5 Rd4 32. a6 Rd6 33. a7 Rdd8 34. Rxb4 Kg7 35. Rb7 f4 36. b4 e3 37. fxe3 fxe3 38. Kf1 Kf6 39. b5 Ke5 40. b6 f5 41. Re7+ Kf4 42. b7 Rxa7 43. Rxa7 Rd1+ 44. Ke2 Rd2+ 45. Ke1 Rb2 46. Ra4+ Kg3 47. Ra8 Rb1+ 48. Ke2 Rb2+ 49. Kxe3 1-0


[Site "https://www.chess.com"]

[Event "Titled Tuesday Blitz February 21 Late 2023"]
[White "Tabatabaei, M. Amin"]
[Black "Sielecki, Christof"]
[WhiteFideId "12521213"]
[BlackFideId "4620437"]
[WhiteElo "2677"]
[BlackElo "2419"]
[Result "1-0"]
[Round "02"]
[TimeControl "180+2"]
[Date "2023.02.21"]
[WhiteClock "0:01:35"]
[BlackClock "0:00:15"]

1. d4 d5 2. Nf3 Nf6 3. c3 e6 4. Bf4 Bd6 5. e3 O-O 6. Nbd2 c5 7. Ne5 Nc6 8. Bd3 Qc7 9. Ndf3 cxd4 10. exd4 Ne4 11. Bg3 f6 12. Nxc6 Qxc6 13. Qe2 Bd7 14. Bxd6 Nxd6 15. O-O Rae8 16. Rfe1 Qb6 17. Qc2 f5 18. Ne5 Bb5 19. Re2 Bxd3 20. Qxd3 Qb5 21. Rae1 Qxd3 22. Nxd3 Rf6 23. h4 b6 24. Nf4 Kf7 25. g3 g6 26. Nd3 h6 27. Ne5+ Kg7 28. Nc6 a5 29. Ne5 g5 30. Nd7 Rf7 31. Nxb6 f4 32. Rxe6 Rxe6 33. Rxe6 Ne4 34. Nxd5 Nd2 35. h5 fxg3 36. fxg3 Rf1+ 37. Kg2 Rb1 38. Rg6+ Kf7 39. Rxh6 Rxb2 40. Rf6+ Kg8 41. Rf2 1-0


[Site "https://www.chess.com"]

[Event "Titled Tuesday Blitz February 21 Late 2023"]
[White "Maltsevskaya, Aleksandra"]
[Black "Svane, Rasmus"]
[WhiteFideId "24174041"]
[BlackFideId "4657101"]
[WhiteElo "2390"]
[BlackElo "2623"]
[Result "1/2-1/2"]
[Round "02"]
[TimeControl "180+2"]
[Date "2023.02.21"]
[WhiteClock "0:00:04"]
[BlackClock "0:00:07"]

1. e4 c6 2. d4 d5 3. e5 Bf5 4. c4 e6 5. h4 h5 6. Nc3 Ne7 7. Nge2 Nd7 8. Ng3 Bg6 9. Bg5 Qb6 10. Bd3 Qxb2 11. Rc1 Bxd3 12. Qxd3 dxc4 13. Qxc4 Nb6 14. Qd3 Ned5 15. O-O Qa3 16. Nge4 Bb4 17. Rfd1 Kf8 18. Qf3 Kg8 19. Rd3 Nxc3 20. Nxc3 Bxc3 21. Rdxc3 Qf8 22. Qe4 Nd5 23. Rg3 g6 24. Rb1 Rb8 25. Bf6 Rh7 26. Rbb3 Nxf6 27. exf6 Kh8 28. Qe5 b6 29. Qc7 Ra8 30. Qxc6 Qd8 31. Rbf3 Rc8 32. Qe4 Rc7 33. Qe5 Kg8 34. Rc3 Rd7 35. Rc4 Rd5 36. Qf4 Rh8 37. Rgc3 Kh7 38. Rc7 Rf8 39. Re7 Rf5 40. Qe3 Rxf6 41. Rcc7 Rf5 42. Rxa7 Kg8 43. Rad7 Qa8 44. Qh6 Qxa2 45. Qxg6+ Kh8 46. Qh6+ Kg8 47. Qg6+ Kh8 48. Qh6+ Kg8 49. Qg6+ 1/2-1/2


[Site "https://www.chess.com"]

[Event "Titled Tuesday Blitz February 21 Late 2023"]
[White "Shapiro, Viktor"]
[Black "Sjugirov, Sanan"]
[WhiteFideId "4175700"]
[BlackFideId "4189302"]
[WhiteElo "2192"]
[BlackElo "2712"]
[Result "0-1"]
[Round "02"]
[TimeControl "180+2"]
[Date "2023.02.21"]
[WhiteClock "0:00:42"]
[BlackClock "0:00:05"]

1. c4 e6 2. Nc3 d5 3. g3 d4 4. Na4 Nc6 5. Bg2 Nf6 6. a3 a5 7. d3 e5 8. Nf3 Be7 9. O-O O-O 10. Rb1 Bd7 11. Bg5 Ng4 12. Bxe7 Qxe7 13. h3 Nf6 14. Re1 Rfd8 15. e3 dxe3 16. Rxe3 Bf5 17. Qb3 Qd6 18. Rbe1 Nd7 19. Qc3 f6 20. c5 Qf8 21. d4 Nxd4 22. Nxd4 exd4 23. Qxd4 Ne5 24. Qc3 Bd7 25. f4 Nf7 26. Qc4 Bxa4 27. Qxa4 Qxc5 28. Bxb7 Rab8 29. b4 axb4 30. axb4 Qb6 31. Bf3 Rd3 32. Kf2 Nd6 33. Qa5 Rxe3 34. Rxe3 Qxe3+ 35. Kxe3 Nc4+ 36. Kd4 Nxa5 37. bxa5 Rb5 38. a6 Ra5 39. Bb7 Kf8 40. Kc4 Ke7 41. Kb4 Ra1 42. g4 Kd6 43. h4 c6 44. g5 fxg5 45. hxg5 h5 46. f5 h4 47. f6 gxf6 48. g6 Ke7 49. Kc5 h3 50. Kb6 h2 51. Bxc6 Rb1+ 52. Kc7 Rc1 53. a7 Rxc6+ 54. Kxc6 h1=Q+ 55. Kc7 Qa8 56. Kb6 Kf8 0-1


[Site "https://www.chess.com"]

[Event "Titled Tuesday Blitz February 21 Late 2023"]
[White "Svane, Frederik"]
[Black "Vovk, Orest"]
[WhiteFideId "12923044"]
[BlackFideId "14113490"]
[WhiteElo "2600"]
[BlackElo "2315"]
[Result "1-0"]
[Round "02"]
[TimeControl "180+2"]
[Date "2023.02.21"]
[WhiteClock "0:00:47"]
[BlackClock "0:00:02"]

1. c4 g5 2. d4 h6 3. h4 g4 4. Nc3 Bg7 5. e3 h5 6. Bd3 c5 7. Nge2 d6 8. d5 Nd7 9. e4 Ne5 10. Bf4 Nxd3+ 11. Qxd3 Qb6 12. O-O Bf6 13. Bg3 Bd7 14. a4 Qa5 15. Rfe1 O-O-O 16. Qe3 e5 17. dxe6 Bxe6 18. Rad1 Be5 19. Bxe5 dxe5 20. Rxd8+ Kxd8 21. Qg5+ Ne7 22. Qxe5 Re8 23. Rd1+ Kc8 24. Nb5 Nc6 25. Qxc5 Rd8 26. Rxd8+ Kxd8 27. Qd6+ Kc8 28. Nf4 a6 29. Nxe6 axb5 30. Qf8+ Kd7 31. Qxf7+ Kd6 32. axb5 Qe1+ 33. Kh2 Ne5 34. c5# 1-0


[Site "https://www.chess.com"]

[Event "Titled Tuesday Blitz February 21 Late 2023"]
[White "Kourkoulos-Arditis, Stamatis"]
[Black "Rasulov, Vugar"]
[WhiteFideId "4221990"]
[BlackFideId "13402390"]
[WhiteElo "2539"]
[BlackElo "2523"]
[Result "0-1"]
[Round "02"]
[TimeControl "180+2"]
[Date "2023.02.21"]
[WhiteClock "0:00:05"]
[BlackClock "0:00:05"]

1. b3 e5 2. Bb2 Nc6 3. e3 g6 4. Bb5 Bg7 5. Nf3 Nge7 6. d4 e4 7. Nfd2 d5 8. O-O a6 9. Bxc6+ bxc6 10. c4 O-O 11. Nc3 Be6 12. Rc1 f5 13. Ne2 g5 14. f4 h6 15. Ba3 Rf7 16. Qc2 Ng6 17. cxd5 Bxd5 18. Nc4 a5 19. Ne5 Nxe5 20. dxe5 a4 21. bxa4 Bf8 22. Bxf8 Qxf8 23. Nd4 Qa3 24. Qf2 g4 25. e6 Rf6 26. Nxc6 Bxe6 27. Nd4 c5 28. Nb5 Qxa4 29. Nc7 Rc8 30. Qh4 Kf7 31. Qh5+ Ke7 32. Rxc5 Qa3 33. Nd5+ Kd6 34. Rxc8 Bxd5 35. Qe8 Qxe3+ 36. Kh1 Qb6 37. Rd8+ Kc5 38. Qe5 Qxd8 39. Rc1+ Kb6 40. Qd4+ Kb7 41. Qb4+ Rb6 42. Qd4 Qd6 43. Qg7+ Ka6 44. h3 e3 45. Qh8 e2 46. Qc3 Ka7 47. Qd3 Bxg2+ 0-1


[Site "https://www.chess.com"]

[Event "Titled Tuesday Blitz February 21 Late 2023"]
[White "Perez Ponsa, Federico"]
[Black "Aggelis, Nikolaos"]
[WhiteFideId "117927"]
[BlackFideId "4213220"]
[WhiteElo "2532"]
[BlackElo "2270"]
[Result "1/2-1/2"]
[Round "02"]
[TimeControl "180+2"]
[Date "2023.02.21"]
[WhiteClock "0:00:05"]
[BlackClock "0:00:08"]

1. e4 c6 2. d4 d5 3. e5 c5 4. Nf3 cxd4 5. Qxd4 Nc6 6. Qf4 Qc7 7. Nc3 Be6 8. Bd3 g6 9. O-O Bg7 10. Re1 a6 11. Qg3 Nh6 12. Bxh6 Bxh6 13. Ng5 Bxg5 14. Qxg5 O-O-O 15. Rad1 h6 16. Qg3 g5 17. Na4 Qa5 18. b3 Rdg8 19. Qe3 Kb8 20. Qc5 Qxc5 21. Nxc5 Nb4 22. a3 Nc6 23. b4 Kc7 24. f3 Ra8 25. Kf2 Rhd8 26. c3 Bc8 27. Nb3 e6 28. Re2 b6 29. h4 Bb7 30. Rh1 Rh8 31. h5 Na7 32. Rc1 Rac8 33. Nd4 Kb8 34. Ke3 Rc7 35. Kd2 Rhc8 36. Rf1 Rxc3 37. f4 g4 38. f5 Rxa3 39. fxe6 fxe6 40. Nxe6 Nc6 41. b5 axb5 42. Bxb5 Ra2+ 43. Ke3 Rxe2+ 44. Bxe2 Nxe5 45. Rf5 Nc4+ 46. Kd4 Re8 47. Rf6 Bc8 48. Bxg4 Bxe6 49. Bxe6 Na3 50. Rxh6 Nb5+ 51. Kd3 Nc7 52. Bf7 Rf8 53. Rxb6+ Kc8 54. Rf6 Kd8 55. Rf3 Ke7 56. Bg6 Rxf3+ 57. gxf3 Kf6 58. Kd4 Ne6+ 59. Kxd5 Nf4+ 60. Ke4 Nh3 61. Ke3 Ng5 62. f4 Ne6 63. Be8 Ng7 64. h6 Nxe8 65. h7 Kg7 66. f5 Nf6 67. h8=Q+ Kxh8 68. Kd4 Kg7 69. Ke5 Nh5 70. f6+ Nxf6 1/2-1/2


[Site "https://www.chess.com"]

[Event "Titled Tuesday Blitz February 21 Late 2023"]
[White "Krishnan, Varun"]
[Black "Anton Guijarro, David"]
[WhiteFideId "5054508"]
[BlackFideId "2285525"]
[WhiteElo "2341"]
[BlackElo "2690"]
[Result "0-1"]
[Round "02"]
[TimeControl "180+2"]
[Date "2023.02.21"]
[WhiteClock "0:00:12"]
[BlackClock "0:00:40"]

1. e4 c6 2. d4 d5 3. exd5 cxd5 4. c4 Nf6 5. Nc3 Nc6 6. Nf3 a6 7. Bg5 Be6 8. a3 g6 9. b4 Bg7 10. c5 Ne4 11. Nxe4 dxe4 12. Nd2 Qxd4 13. Rc1 Ne5 14. Be3 Nd3+ 15. Bxd3 Qxd3 16. Qa4+ Bd7 17. Qb3 Bb5 18. Qxd3 Bxd3 19. Nc4 Rd8 20. f4 O-O 21. Kf2 f5 22. Rhd1 g5 23. g3 gxf4 24. gxf4 Kf7 25. Ne5+ Bxe5 26. fxe5 Bb5 27. Bf4 Ke6 28. Ke3 Ba4 29. Rxd8 Rxd8 30. Rc3 Rd1 31. Bg3 Rf1 32. Ke2 Bb5+ 33. Kd2 f4 34. Be1 e3+ 35. Kd1 Ba4+ 36. Ke2 Bb5+ 37. Kd1 Kxe5 38. c6 bxc6 39. Rc5+ Kd4 40. a4 Bxa4+ 41. Ke2 Bb5+ 42. Rxb5 Rxe1+ 43. Kxe1 axb5 44. Ke2 Ke4 45. h4 f3+ 46. Ke1 e2 47. h5 Ke3 48. h6 f2# 0-1


[Site "https://www.chess.com"]

[Event "Titled Tuesday Blitz February 21 Late 2023"]
[White "Dardha, Daniel"]
[Black "Ballester Llagaria, Luis Eduardo"]
[WhiteFideId "240990"]
[BlackFideId "2297620"]
[WhiteElo "2631"]
[BlackElo "2298"]
[Result "0-1"]
[Round "02"]
[TimeControl "180+2"]
[Date "2023.02.21"]
[WhiteClock "0:00:02"]
[BlackClock "0:00:17"]

1. d4 d5 2. c4 dxc4 3. e4 b5 4. a4 c6 5. Nf3 Nf6 6. e5 Nd5 7. Nc3 a6 8. Ng5 e6 9. Qh5 g6 10. Qf3 Qc7 11. axb5 cxb5 12. Nge4 Be7 13. Nxb5 axb5 14. Rxa8 Bb7 15. Ra1 Nc6 16. Qd1 Bb4+ 17. Bd2 Nxd4 18. Bxb4 Nxb4 19. Nd6+ Kf8 20. Ra7 Qc5 21. Rxb7 Qxe5+ 22. Be2 Nbc2+ 23. Kf1 Qxd6 24. h4 Kg7 25. h5 Ra8 26. Qd2 Ra1+ 27. Bd1 Qf4 28. h6+ Kf8 29. Rxf7+ Qxf7 30. Rh4 Rxd1+ 31. Qxd1 Ne3+ 32. Ke1 Nxd1 33. Kxd1 Qxf2 34. Re4 Qc2+ 35. Ke1 Qxe4+ 36. Kf2 Qe2+ 37. Kg3 Qxb2 38. Kf4 Qc3 39. Kg5 Qe3+ 40. Kh4 Qf4+ 41. g4 g5+ 42. Kh5 Qf7+ 43. Kxg5 Qg6+ 44. Kf4 c3 45. Ke5 c2 46. g5 c1=Q 47. Kd6 e5+ 48. Kd5 Qcc6+ 49. Kxe5 Qcd6# 0-1


[Site "https://www.chess.com"]

[Event "Titled Tuesday Blitz February 21 Late 2023"]
[White "Richter, Paul"]
[Black "Mikaelyan, Arman"]
[WhiteFideId "2046350"]
[BlackFideId "13304852"]
[WhiteElo "2171"]
[BlackElo "2523"]
[Result "1-0"]
[Round "02"]
[TimeControl "180+2"]
[Date "2023.02.21"]
[WhiteClock "0:00:03"]
[BlackClock "0:00:03"]

1. e4 a6 2. Na3 e6 3. c4 c5 4. b3 Nc6 5. Bb2 Nf6 6. d3 d5 7. exd5 exd5 8. Nf3 d4 9. Be2 Bd6 10. O-O O-O 11. Nc2 Re8 12. Re1 Bf5 13. Nh4 Be6 14. g3 Qd7 15. b4 cxb4 16. Bf3 Bc5 17. Qd2 a5 18. Qg5 Ba7 19. Qf4 Rad8 20. Rab1 h6 21. Qd2 Bg4 22. Rxe8+ Rxe8 23. Re1 Rxe1+ 24. Qxe1 Be6 25. Ng2 Bf5 26. Qe2 a4 27. Bxc6 bxc6 28. Nxb4 c5 29. Nc2 Qb7 30. Na3 Bxd3 31. Qxd3 Qxb2 32. Nf4 Bb8 33. Nd5 Qxa2 34. Nxf6+ gxf6 35. Nb5 Be5 36. Na7 Qa1+ 37. Kg2 Qc3 38. Qe2 d3 39. Qg4+ Kh7 40. Nc6 f5 41. Qxf5+ Kg7 42. Nxe5 f6 43. Qg6+ 1-0


[Site "https://www.chess.com"]

[Event "Titled Tuesday Blitz February 21 Late 2023"]
[White "Chigaev, Maksim"]
[Black "Pinheiro, Iung Alicio de O."]
[WhiteFideId "4108116"]
[BlackFideId "2104350"]
[WhiteElo "2628"]
[BlackElo "2306"]
[Result "1-0"]
[Round "02"]
[TimeControl "180+2"]
[Date "2023.02.21"]
[WhiteClock "0:00:04"]
[BlackClock "0:00:03"]

1. Nf3 c5 2. c4 Nc6 3. Nc3 g6 4. e3 Bg7 5. d4 d6 6. d5 Ne5 7. Nxe5 Bxe5 8. e4 Bg7 9. Bd3 Nf6 10. O-O O-O 11. h3 e5 12. a3 Nh5 13. b4 b6 14. Rb1 Nf4 15. Bc2 Qh4 16. Rb3 Bd7 17. bxc5 bxc5 18. Nb5 Qe7 19. Kh2 a6 20. Nc3 Rab8 21. Rxb8 Rxb8 22. Be3 f5 23. Re1 Qh4 24. Qf3 Rf8 25. exf5 gxf5 26. Bxf4 exf4 27. Ne2 Be5 28. Nc1 Re8 29. Nd3 Kf7 30. Kg1 Qh6 31. Rb1 Re7 32. Rb7 Kf6 33. Nxe5 dxe5 34. d6 Rg7 35. Rxd7 Rxd7 36. Qc6 Qg7 37. Ba4 Rd8 38. Qxc5 Qf7 39. Qb6 Rd7 40. Bxd7 Qxd7 41. c5 Ke6 42. Qb3+ Kf6 43. Qd5 f3 44. Qxf3 e4 45. Qc3+ Ke6 46. Qd4 Qb5 47. g4 Qb1+ 48. Kg2 fxg4 49. hxg4 Qb7 50. d7 e3+ 51. f3 e2 52. d8=Q e1=Q 53. Q8f6# 1-0


[Site "https://www.chess.com"]

[Event "Titled Tuesday Blitz February 21 Late 2023"]
[White "Guzman, Christopher"]
[Black "Ibarra Jerez, Jose Carlos"]
[WhiteFideId "6405096"]
[BlackFideId "2226332"]
[WhiteElo "2271"]
[BlackElo "2563"]
[Result "0-1"]
[Round "02"]
[TimeControl "180+2"]
[Date "2023.02.21"]
[WhiteClock "0:01:03"]
[BlackClock "0:00:41"]

1. e4 c5 2. Nf3 Nc6 3. d4 cxd4 4. Nxd4 Nf6 5. Nc3 e6 6. a3 Be7 7. Ndb5 d6 8. g3 O-O 9. Bg2 a6 10. Nd4 Qc7 11. O-O Bd7 12. h3 Rac8 13. Re1 b5 14. Kh2 Nxd4 15. Qxd4 Bc6 16. Bg5 h6 17. Be3 Qb7 18. f3 e5 19. Qb6 Qa8 20. Rad1 d5 21. exd5 Nxd5 22. Qa7 Nxc3 23. bxc3 Bxa3 24. Ra1 Qxa7 25. Bxa7 Bb2 26. Rxa6 Bxc3 27. Re3 b4 28. Bc5 Rfd8 29. Bf1 Rd2+ 30. Re2 Bxf3 31. Rxd2 Bxd2 32. Bd6 Rxc2 33. Bd3 Rc1 34. g4 0-1


[Site "https://www.chess.com"]

[Event "Titled Tuesday Blitz February 21 Late 2023"]
[White "Swiercz, Dariusz"]
[Black "Melian, Juan Sebastian"]
[WhiteFideId "1126881"]
[BlackFideId "3706575"]
[WhiteElo "2637"]
[BlackElo "2293"]
[Result "1-0"]
[Round "02"]
[TimeControl "180+2"]
[Date "2023.02.21"]
[WhiteClock "0:00:22"]
[BlackClock "0:00:20"]

1. e4 c5 2. Nf3 e6 3. g3 Nc6 4. Bg2 d6 5. O-O Nf6 6. Re1 e5 7. Nc3 Be7 8. d3 O-O 9. Bg5 Be6 10. Nd2 Nd7 11. Bxe7 Qxe7 12. Nc4 Nd4 13. Ne3 f5 14. exf5 Nxf5 15. Bxb7 Rab8 16. Nxf5 Bxf5 17. Bd5+ Kh8 18. b3 Nf6 19. Bg2 Ng4 20. Qd2 Qd7 21. Rf1 Rf6 22. f3 Nh6 23. g4 Be6 24. g5 Rg6 25. gxh6 Bh3 26. Rf2 gxh6 27. Kh1 Rbg8 28. Bxh3 Qxh3 29. Nd5 R8g7 30. a3 h5 31. b4 h6 32. b5 Qe6 33. c4 Qg8 34. Rff1 Kh7 35. Qf2 Qf7 36. Rg1 Rxg1+ 37. Rxg1 Rxg1+ 38. Kxg1 Qg6+ 39. Qg2 Qf5 40. Qg8+ Kxg8 41. Ne7+ 1-0


[Site "https://www.chess.com"]

[Event "Titled Tuesday Blitz February 21 Late 2023"]
[White "Fieberg, Samuel"]
[Black "Livaic, Leon"]
[WhiteFideId "12901717"]
[BlackFideId "14531534"]
[WhiteElo "2157"]
[BlackElo "2579"]
[Result "0-1"]
[Round "02"]
[TimeControl "180+2"]
[Date "2023.02.21"]
[WhiteClock "0:00:12"]
[BlackClock "0:00:41"]

1. c4 e6 2. g3 f5 3. Bg2 Nf6 4. Nc3 Bb4 5. Nf3 O-O 6. O-O Nc6 7. d4 Bxc3 8. bxc3 d6 9. Rb1 Qe8 10. Nd2 b6 11. d5 Na5 12. dxe6 Bb7 13. e4 fxe4 14. Qe2 Qxe6 15. Re1 Rae8 16. f3 e3 17. Nf1 Qxc4 18. Nxe3 Qxe2 19. Rxe2 Nd5 20. Bd2 Nc4 21. Nxc4 Rxe2 22. Bf1 Re7 23. f4 Nf6 24. Ne3 Ne4 25. Bc4+ Kh8 26. Be1 Nxc3 27. Bxc3 Rxe3 28. Bd2 Re4 29. Bd3 Rd4 30. Rb3 Be4 31. Bxe4 Rxe4 32. Kf2 Rfe8 33. Kf3 Ra4 34. a3 c5 35. Rd3 Rd4 36. Rxd4 cxd4 37. g4 d3 38. g5 Re2 39. Bc3 Rc2 40. Bb4 Rxh2 41. Ke3 d2 42. Bxd2 Rxd2 43. Kxd2 0-1


[Site "https://www.chess.com"]